 Dungeon Crawl Stone Soup version 0.26.0-18-gc5c842f807 (webtiles) character file.

Game seed: 8637205521965967526

47727 zcampers the Fighter (level 14, -8/119 HPs)
             Began as a Minotaur Berserker on Jan 23, 2021.
             Was an Elder of Trog.
             Mangled by a komodo dragon (20 damage)
             ... on level 6 of the Lair of Beasts.
             The game lasted 00:30:43 (20831 turns).

zcampers the Fighter (Minotaur Berserker)          Turns: 20831, Time: 00:30:43

Health: -8/119     AC: 20    Str: 21    XL:     14   Next: 9%
Magic:  11/11      EV: 17    Int: 13    God:    Trog [****..]
Gold:   235        SH:  0    Dex: 13    Spells: 13/13 levels left

rFire    + + .     SeeInvis .   x - +4 hand axe of the Genius {flame, rPois rF+ rC+ rN++}
rCold    + . .     Faith    +   (no shield)
rNeg     + + .     Spirit   .   I - +3 scale mail {rF+}
rPois    +         Reflect  .   g - +2 hat
rElec    .         Harm     .   w - scarf {repulsion}
rCorr    .         Rampage  .   y - +0 pair of gloves
Will     +....     Clarity  +   (no boots)
Stlth    ..........             s - amulet of faith
HPRegen  0.29/turn              k - +6 ring of intelligence
MPRegen  0.12/turn              m - +4 ring of protection

@: repel missiles
A: retaliatory headbutt, horns 2, clarity, frail 1, low mp 1
a: Renounce Religion, Berserk, Trog's Hand, Brothers in Arms


You were on level 6 of the Lair of Beasts.
You worshipped Trog.
Trog was greatly pleased with you.
You visited 2 branches of the dungeon, and saw 18 of its levels.

You collected 1090 gold pieces.
You spent 855 gold pieces at shops.

Inventory:

Hand Weapons
 e - a +6 spear
 x - the +4 hand axe of the Genius (weapon) {flame, rPois rF+ rC+ rN++}
   (You bought it in a shop on level 9 of the Dungeon)

   It has been specially enchanted to burn those struck by it, causing extra
   injury to most foes and up to half again as much damage against particularly
   susceptible opponents.
   Big, fiery blades are also staple armaments of hydra-hunters.
   It protects you from fire.
   It protects you from cold.
   It protects you from poison.
   It greatly protects you from negative energy.
Missiles
 h - 19 boomerangs (quivered)
Armour
 g - a +2 hat (worn)
 w - a scarf of repulsion (worn)
 y - a +0 pair of gloves (worn)
 I - a +3 scale mail of fire resistance (worn)
Jewellery
 k - a +6 ring of intelligence (left hand)
 m - a +4 ring of protection (right hand)
 s - an amulet of faith (around neck)
 t - an uncursed ring of ice
 A - an uncursed ring of positive energy
Wands
 a - a wand of iceblast (55)
 c - a wand of flame (27)
 d - a wand of acid (8)
 v - a wand of disintegration (7)
 E - a wand of random effects (30)
 H - a wand of paralysis (8)
 J - a wand of polymorph (10)
Scrolls
 b - 5 scrolls of blinking
 l - 8 scrolls of remove curse
 o - 7 scrolls of teleportation
 p - 12 scrolls of identify
 C - 2 scrolls of noise
 D - a scroll of fear
Potions
 f - 4 potions of heal wounds
 j - 2 potions of magic
 n - 2 potions of lignification
 q - 3 potions of flight
 r - 3 potions of curing
 u - 3 potions of berserk rage
 z - 2 potions of might
 B - a potion of resistance
 G - a potion of invisibility {unknown}
Miscellaneous
 F - a phantom mirror


   Skills:
 + Level 14.7 Fighting
 + Level 11.8(13.1) Axes
 - Level 9.7(12.1) Polearms
 + Level 14.5 Armour
 + Level 13.4 Dodging


You had 13 spell levels left.
You didn't know any spells.
Your spell library was empty.

Dungeon Overview and Level Annotations

Branches:
Dungeon (12/15)            Temple (0/1) D:6            Lair (6/6) D:11
 Shoals (0/4) Lair:3        Snake (0/4) Lair:3        Slime (0/5) Lair:5
    Orc (0/2) D:9

Altars:
Cheibriados
Gozag
Kikubaaqudgha
Qazlal
Ru
Trog
Yredelemnul
Jiyva

Shops:
D:4 :   D:9 [(   D:10 :

Portals:
Abyss: Lair:4

Annotations:
D:9 3 runed translucent doors, Alvadar's ghost, novice DECj
D:11 2 transporters
Lair:4 2 transporters, Bananafolds's ghost, journeyman MfSk


Innate Abilities, Weirdness & Mutations

You reflexively headbutt those who attack you in melee.
You have a pair of horns on your head.
You possess an exceptional clarity of mind.
You are frail. (-10% HP)
Your magical capacity is low. (-10% MP)


Message History

The polar bear claws you but does no damage.
The komodo dragon bites you!
You hit the polar bear. You burn the polar bear.
The polar bear is almost dead.
You hit the komodo dragon. You burn the komodo dragon.
You completely miss the polar bear. You headbutt the polar bear.
You kill the polar bear!
Trog accepts your kill.
You hit the komodo dragon but do no damage.
The komodo dragon bites you but does no damage.
The komodo dragon bites you!
* * * LOW HITPOINT WARNING * * *
The komodo dragon bites you!!
* * * LOW HITPOINT WARNING * * *
You slash the komodo dragon! You burn the komodo dragon.
The komodo dragon is heavily wounded.
You barely miss the komodo dragon.
The komodo dragon is heavily wounded.
The komodo dragon bites you!!
You die...

...........#.###.P..
.............#...... ..
............#....... ......
#.#................. ......#
#..........†..†[...
.......## ##...........)....
........###.................
..........#.................
.......PP..@...#............
...........l..###...........
...........†..#.#...........
...............#............
............................
.................♣♣♣♣.......
..♣♣♣.♣........♣♣♣ ♣♣ .
♣♣♣♣♣♣...♣♣♣ ♣♣.♣♣


You could see a komodo dragon.

Vanquished Creatures
  Rupert (Lair:6)
  Gastronok (D:12)
  Josephine (D:10)
  Erolcha (D:11)
  4 boulder beetles
  4 hydras
  2 two-headed ogres (D:11)
  A centaur warrior (D:10)
  Pikel (D:4)
  An ugly thing (D:11)
  A cyclops (D:11)
  A centaur zombie (D:12)
  A guardian serpent (Lair:3)
  6 elephants (Lair:6)
  2 black mambas
  A rime drake (Lair:5)
  10 cane toads
  A kobold demonologist (D:11)
  11 komodo dragons
  A troll (D:12)
  A hornet (D:7)
  2 polar bears
  9 blink frogs
  2 slime creatures (Lair:5)
  5 wraiths (D:10)
  A shadow (D:11)
  3 wyverns
  57 yaks
  2 steam dragons (D:6)
  A basilisk (Lair:1)
  18 water moccasins
  2 orc warriors
  2 ice beasts
  3 black bears
  3 sky beasts
  A necrophage (D:8)
  11 ogres
  The ghost of shakesphere1979 the Sneak, an amateur NaAE (D:3)
  3 phantoms
  7 wolves
  8 centaurs
  9 big kobolds
  20 bullfrogs
  A water moccasin zombie (D:8)
  A wyvern skeleton (D:10)
  4 scorpions
  2 water moccasin skeletons
  14 killer bees
  5 wights (D:11)
  5 howler monkeys
  An electric eel (Lair:2)
  2 bullfrog zombies (D:8)
  A quasit (D:12)
  8 jellies
  6 orc priests
  3 centaur skeletons
  7 hounds
  13 orc wizards
  3 bullfrog skeletons
  5 iguanas
  Natasha (D:2)
  7 worker ants
  A worker ant zombie (D:9)
  7 adders
  6 gnolls
  10 river rats (D:7)
  A shadow imp (D:5)
  2 white imps
  An ufetubus (D:8)
  2 oozes
  2 adder skeletons (D:8)
  An adder zombie (D:9)
  2 worms (D:3)
  2 dart slugs
  6 leopard geckos
  35 orcs
  9 bats
  6 giant cockroaches
  8 goblins
  5 hobgoblins
  22 jackals
  13 quokkas
  3 frilled lizards
  25 kobolds
  21 rats
502 creatures vanquished.

Vanquished Creatures (collateral kills)
  A boulder beetle (Lair:4)
  A hydra (Lair:4)
2 creatures vanquished.

Vanquished Creatures (others)
  34 fungi
  28 plants
  2 withered plants (D:6)
64 creatures vanquished.

Grand Total: 568 creatures vanquished

Notes
Turn   | Place    | Note
-------+----------+-------------------------------------------
     0 | D:1      | zcampers the Minotaur Berserker began the quest for the
                  | Orb.
     0 | D:1      | Reached XP level 1. HP: 19/19 MP: 0/0
   275 | D:1      | Reached XP level 2. HP: 23/27 MP: 1/1
   289 | D:1      | Reached skill level 1 in Polearms
   641 | D:2      | Reached XP level 3. HP: 31/33 MP: 2/2
   712 | D:2      | Found a snail-covered altar of Cheibriados.
   730 | D:2      | Reached XP level 4. HP: 41/41 MP: 3/3
   784 | D:2      | Noticed Natasha
   790 | D:2      | Killed Natasha
   790 | D:2      | Reached ** piety under Trog
  1487 | D:3      | Reached XP level 5. HP: 37/47 MP: 4/4
  1627 | D:3      | Found a runed translucent door.
  1637 | D:3      | Noticed shakesphere1979's ghost (amateur NaAE)
  1703 | D:3      | Killed shakesphere1979's ghost
  1704 | D:3      | Reached skill level 5 in Fighting
  1710 | D:3      | Found a runed translucent door.
  1907 | D:3      | Reached XP level 6. HP: 56/56 MP: 5/5
  1969 | D:3      | Found a stormy altar of Qazlal.
  2546 | D:4      | Reached skill level 5 in Armour
  2546 | D:4      | Reached XP level 7. HP: 58/62 MP: 6/6
  2627 | D:4      | Reached *** piety under Trog
  3232 | D:4      | Found Huon's Book Shoppe.
  3240 | D:4      | Reached skill level 5 in Dodging
  3598 | D:5      | Entered Level 5 of the Dungeon
  3615 | D:4      | Reached skill level 5 in Polearms
  3831 | D:5      | Reached XP level 8. HP: 51/71 MP: 7/7
  3851 | D:5      | Noticed Pikel
  4165 | D:4      | Killed Pikel
  4769 | D:6      | Reached XP level 9. HP: 60/81 MP: 8/8
  5253 | D:6      | Found a staircase to the Ecumenical Temple.
  5301 | D:6      | Reached **** piety under Trog
  5756 | D:6      | Found an ancient bone altar of Kikubaaqudgha.
  6371 | D:7      | Found a bloodstained altar of Trog.
  6428 | D:7      | Found a basalt altar of Yredelemnul.
  6435 | D:7      | Found an opulent altar of Gozag.
  6438 | D:7      | Found a sacrificial altar of Ru.
  6507 | D:7      | Reached XP level 10. HP: 60/91 MP: 9/9
  6880 | D:7      | Reached ***** piety under Trog
  7075 | D:8      | You fall into a shaft and drop 2 floors!
  7075 | D:10     | Entered Level 10 of the Dungeon
  7340 | D:10     | Noticed a centaur warrior
  7366 | D:10     | Killed a centaur warrior
  7485 | D:10     | Found Aruoh's Book Shop.
  7563 | D:10     | Reached skill level 10 in Fighting
  7568 | D:9      | Noticed an ogre mage
  7568 | D:9      | Noticed Alvadar's ghost (novice DECj)
  7592 | D:9      | Found a runed translucent gate.
  7592 | D:9      | Found a runed translucent gate.
  7592 | D:9      | Found a runed translucent gate.
  7640 | D:9      | Found Rofoxt's Weapon Shop.
  7640 | D:9      | Found a staircase to the Orcish Mines.
  7667 | D:9      | Found Poraisan's Armour Shop.
  7942 | D:8      | Reached skill level 10 in Armour
  8218 | D:8      | Received a gift from Trog
  9608 | D:10     | Noticed Josephine
  9627 | D:10     | Killed Josephine
  9628 | D:10     | Reached XP level 11. HP: 8/101 MP: 3/10
  9636 | D:10     | Reached skill level 5 in Axes
 10561 | D:11     | Reached skill level 10 in Dodging
 10735 | D:11     | Noticed Erolcha
 10744 | D:11     | Killed Erolcha
 10775 | D:11     | Noticed a sun demon
 10776 | D:11     | Noticed a purple ugly thing
 10793 | D:11     | Killed a purple ugly thing
 11006 | D:11     | Found a viscous altar of Jiyva.
 11099 | D:11     | Found a staircase to the Lair.
 11148 | D:11     | Noticed a two-headed ogre
 11159 | D:11     | Killed a two-headed ogre
 11272 | D:11     | Found a transporter.
 11272 | D:11     | Found a transporter.
 11459 | D:12     | Noticed a boulder beetle
 11463 | D:12     | Noticed a two-headed ogre
 11490 | D:11     | Killed a two-headed ogre
 11774 | D:12     | Reached XP level 12. HP: 61/112 MP: 3/11
 12118 | D:12     | Killed a boulder beetle
 12530 | D:12     | Noticed Gastronok
 12543 | D:12     | Killed Gastronok
 12566 | D:12     | Gained mutation: You are frail. (-10% HP) [potion of
                  | mutation]
 12566 | D:12     | Gained mutation: Your magical capacity is low. (-10% MP)
                  | [potion of mutation]
 12566 | D:12     | Gained mutation: You possess an exceptional clarity of
                  | mind. [potion of mutation]
 12863 | D:9      | Bought the +4 hand axe of the Genius {flame, rPois rF+ rC+
                  | rN++} for 855 gold pieces
 13006 | Lair:1   | Entered Level 1 of the Lair of Beasts
 13465 | Lair:1   | Noticed an eight-headed hydra
 13477 | Lair:1   | Killed a four-headed hydra
 14256 | Lair:2   | Noticed a boulder beetle
 14303 | Lair:2   | Killed a boulder beetle
 15799 | Lair:3   | Found a staircase to the Snake Pit.
 15816 | Lair:3   | Reached XP level 13. HP: 79/109 MP: 10/10
 15939 | Lair:3   | Reached skill level 10 in Axes
 16098 | Lair:3   | Found a staircase to the Shoals.
 17312 | Lair:4   | Found a one-way gate to the infinite horrors of the Abyss.
 17312 | Lair:4   | Noticed Bananafolds's ghost (journeyman MfSk)
 17316 | Lair:4   | Found a transporter.
 17320 | Lair:4   | Found a transporter.
 17431 | Lair:4   | Received a gift from Trog
 19045 | Lair:5   | Found a staircase to the Slime Pits.
 19595 | Lair:6   | Entered Level 6 of the Lair of Beasts
 20497 | Lair:6   | Noticed Rupert
 20531 | Lair:6   | Killed Rupert
 20532 | Lair:6   | Reached XP level 14. HP: 28/119 MP: 11/11
 20831 | Lair:6   | Mangled by a komodo dragon

Illustrated notes

Levels and vault maps discovered:
D:1:      lightli_arrival_statue_moat, layout_basic
D:2:      minmay_alternating_diamond, layout_basic, lemuel_crystal_altar,
          uniq_natasha
D:3:      layout_basic, general_overflow_altar, ebering_ghost_sewer_f,
          hangedman_feature_mirror, uniq_crazy_yiuf_cottage
D:4:      layout_loops_ring, serial_shops, kennysheep_little_box,
          lexackson_kobold_supper
D:5:      layout_rooms, uniq_pikel
D:6:      cheibrodos_steamvent, layout_cave_pods, kiku_gazebo_garden_becter,
          minmay_temple_entry_poolview
D:7:      lemuel_ratsnest, layout_cave_pools, lightli_temple_of_fire,
          grunt_temple_overflow_diamond
D:8:      layout_basic, serial_corexii_hall, chequers_hall_statues_y,
          chequers_hall_statues_wall_a, minivault_22
D:9:      layout_loops_ring, orc_david_3, serial_aquarium,
          aquarium_bridge_square [aquarium_subvault_wall,
          aquarium_subvault_balcony, aquarium_subvault_balcony,
          aquarium_subvault_bridge], aquarium_bridge_straight
          [aquarium_subvault_bridge, aquarium_subvault_window,
          aquarium_subvault_bridge, aquarium_subvault_wall],
          aquarium_window_corner, aquarium_window_1, aquarium_window_corner,
          aquarium_view_2c, aquarium_pool_2, gammafunk_ghost_split,
          minmay_unpleasant_kobolds
D:10:     layout_roguey, serial_shops, nicolae_shop_competitors_out_of_business,
          uniq_josephine
D:11:     gammafunk_jiyva_shrine, layout_cave_pools, lair_entry_dummy,
          serial_column_ruins, column_ruins_hut_ruined, column_ruins_grid_1,
          column_ruins_corridor_straight, column_ruins_open_medium,
          column_ruins_open_small, column_ruins_open_tiny, uniq_erolcha
D:12:     layout_big_octagon, serial_column_ruins, column_ruins_circle_large,
          column_ruins_columns_dead_end, column_ruins_grid_1,
          column_ruins_open_small, column_ruins_open_small,
          column_ruins_open_tiny, minmay_misc_feat_five, uniq_gastronok
Lair:1:   layout_cave_pods
Lair:2:   layout_cave_pods, infiniplex_staircase_pool, serial_bayou_shore_b
Lair:3:   layout_gridlike, shoals_dummy_entry, minmay_snake_entry_spellcaster
Lair:4:   layout_roguey, gammafunk_ghost_abyssal_escape,
          nicolae_quartered_pool_medium, serial_bayou_shore_b
Lair:5:   layout_regular_city, minmay_slime_entry_pillars, lemuel_fruit_fields
Lair:6:   evil_forest, layout_cave_shapes, lemuel_old_faithful, uniq_rupert

Skill      XL: |  1  2  3  4  5  6  7  8  9 10 11 12 13 |
---------------+----------------------------------------+-----
Polearms       | 1 2 3 4 5 6 8 9 |  9.7
Fighting       | 4 5 6 7 9 10 12 13 14 | 14.7
Armour         | 3 4 5 6 7 9 10 11 13 14 | 14.5
Dodging        | 3 4 5 6 8 9 10 12 13 | 13.4
Axes           | 4 7 9 11 | 11.8

Action                   |  1- 3 |  4- 6 |  7- 9 | 10-12 | 13-15 || total
-------------------------+-------+-------+-------+-------+-------++-------
Melee: Spear             |    33 |    94 |   278 |   253 |       ||   658
       Headbutt          |     5 |    13 |    43 |   162 |   143 ||   366
       Hand axe          |     2 |       |       |   221 |   443 ||   666
       Battleaxe         |       |       |       |   236 |       ||   236
       Executioner's axe |       |       |       |    13 |       ||    13
Throw: Boomerang         |     5 |    17 |     6 |     3 |     4 ||    35
Invok: Trog's Hand       |       |     2 |     3 |    15 |     9 ||    29
       Berserk           |       |     1 |     1 |     6 |     3 ||    11
       Brothers in Arms  |       |       |       |       |     1 ||     1
  Use: Scroll            |     3 |     1 |     8 |     6 |     2 ||    20
       Potion            |       |       |     8 |     6 |     3 ||    17
Armor: Animal skin       |     1 |       |       |       |       ||     1
       Plate armour      |    10 |    53 |   217 |   554 |   248 ||  1082
       Skin              |       |       |       |    14 |       ||    14
       Scale mail        |       |       |       |       |    12 ||    12
Dodge: Dodged            |    28 |    34 |   144 |   458 |   247 ||   911
       Repelled          |       |       |       |     3 |       ||     3
